 Dungeon Crawl Stone Soup version 0.27.0-1-g7a089689b8 (webtiles) character file.

Game seed: 14458228796093921328

153 puppykicker the Ducker (level 5, 0/38 HPs)
             Began as a Djinni Hedge Wizard on Aug 3, 2021.
             Slain by Grinder (4 damage)
             ... on level 3 of the Dungeon.
             The game lasted 00:09:45 (4186 turns).

puppykicker the Ducker (Djinni Hedge Wizard)        Turns: 4186, Time: 00:09:46

Health: 0/38       AC:  4    Str: 10    XL:     5   Next: 61%
Gold:   31         EV: 12    Int: 18    God:
                   SH:  0    Dex: 12

rFire    + + .     SeeInvis +   b - +1 mace
rCold    x . .     Faith    .   (no shield)
rNeg     . . .     Spirit   .   m - +2 robe {Will+}
rPois    ∞         Reflect  .   c - +0 hat
rElec    .         Harm     .   (no cloak)
rCorr    .         Rampage  .   (no gloves)
Will     +....                  (boots unavailable)
Stlth    ++........             (no amulet)
HPRegen  0.12/turn              S - ring of see invisible
MPRegen  0.00/turn              (no ring)

@: flying
A: sickness immunity, fire resistance 2, cold vulnerability 1, float, innate
caster, hp casting, extra vitality 1, clever 1
a: no special abilities


You were on level 3 of the Dungeon.
You visited 1 branch of the dungeon, and saw 3 of its levels.

You collected 113 gold pieces.
You spent 82 gold pieces at shops.

Inventory:

Hand Weapons
 a - a +2 whip of venom
 b - a +1 mace (weapon)
Armour
 c - a +0 hat (worn)
 j - a +0 ring mail
 m - a +2 robe of willpower (worn)
 n - a +3 scale mail of fire resistance {rF+}
Jewellery
 S - a ring of see invisible (left hand)
Scrolls
 d - 2 scrolls of enchant weapon
 e - 2 scrolls of silence {unknown}
 f - a scroll of fog
 g - a scroll of noise {!r}
 i - 2 scrolls of identify
 k - a scroll of enchant armour {unknown}
Potions
 h - a potion of heal wounds {unknown}
 l - a potion of haste {unknown}


   Skills:
 + Level 1.9 Fighting
 + Level 2.0 Armour
 + Level 3.3 Dodging
 - Level 1.5 Stealth
 * Level 3.3 Spellcasting


You couldn't memorise any spells.
You knew the following spells:

 Your Spells              Type           Power      Damage    Failure   Level
a - Magic Dart            Conj           60%        1d6       4%          1
b - Call Imp              Summ           15%        N/A       6%          2
c - Conjure Flame         Conj/Fire      15%        6-21      12%         3
d - Shock                 Conj/Air       60%        1d6       4%          1
p - Blink                 Tloc           N/A        N/A       6%          2
s - Slow                  Hex            15%        N/A       6%          2
v - Poisonous Vapours     Pois/Air       30%        N/A       6%          2
x - Mephitic Cloud        Conj/Pois/Air  15%        N/A       12%         3
Your spell library was empty.

Dungeon Overview and Level Annotations

Branches:
Dungeon (3/15)

Altars:

Shops:
D:1 [*

Annotations:
D:3 Grinder


Innate Abilities, Weirdness & Mutations

You are immune to sickness and miasma.
You are immune to poison.
Your flesh is very heat resistant. (rF++)
You are vulnerable to cold. (rC-)
You float through the air rather than walking.
You learn spells naturally, not from books.
Your magical power is your life essence.
You have superior vitality. (+4 HP)
Your mind is acute. (Int +2)


Message History

Your crimson imp easily resists.
Your white imp freezes Grinder.
Grinder completely resists.
Grinder hits your white imp. What are your orders? t - Shout!
Orders for allies: a - Attack new target. p - Attack previous target. r - Retreat! s - Stop attacking. g - Guard the area. f - Follow me.
Anything else - Cancel.
Gang up on whom?
Press: ? - help, Dir - move target, f/p - Grinder
Aim: Grinder (lightly wounded, ally target) Attack!
Your white imp gestures at Grinder.
The puff of frost hits Grinder.
Grinder resists.
Grinder blinks!
The orc barely misses your crimson imp.
You are too injured to fight recklessly!
You are too injured to fight recklessly!
Unknown command.
The orc barely misses your white imp. Grinder gestures at you.
You resist with almost no effort.
Unknown command.
You closely miss Grinder.
The orc zaps a wand.
Your white imp barely resists.
Grinder gestures at you. You resist with almost no effort.
You hit Grinder.
Your crimson imp disappears in a puff of smoke!
Your white imp freezes the orc.
Grinder hits you.
* * * LOW HITPOINT WARNING * * *
You writhe in agony.
* * * LOW HITPOINT WARNING * * *
Your white imp freezes Grinder.
Grinder completely resists.
Grinder says, "FISH!"
Grinder hits you!
* * * LOW HITPOINT WARNING * * *
You writhe in agony.
You die...

############.#.####......<.......
......................>##########
#########....######..#.# #......
#########.#########..#.# #.#####
...............#5†...#.# #.#
###########.##.#)###.#.####.#
#.##.#o<#.........#
#.##.#..#..#5###..#
#.##.#@5#..#.o....#
#..#.#5.#..#..#...#
##.#.#..#.....#...#
#.#.####....##5.... #(#.# #.....
## #...#. ...oo# ##..#.##..#.##
#### #..#. #..... ...#
#..#.##.##.##


You could see Grinder (ally target), an orc (ally target) and 2 friendly white
imps.

Levels and vault maps discovered:
D:1:      dpeg_arrival_caged_fury, layout_loops_ring, serial_shops,
          nicolae_square_shop, shop, shapermc_ecumenical_altar_totnotflames
D:2:      layout_loops_cross, minmay_tripent
D:3:      layout_basic, cheibriados_altar_1, uniq_terence, uniq_grinder

Notes
Turn   | Place    | Note
-------+----------+-------------------------------------------
     0 | D:1      | puppykicker the Djinni Hedge Wizard began the quest for the
                  | Orb.
     0 | D:1      | Reached XP level 1. HP: 15/15 MP: 0/0
     1 | D:1      | Found a runed translucent door.
    17 | D:1      | Identified a +0 robe of willpower
    55 | D:1      | Identified a +0 dagger
   318 | D:1      | Identified a ring of see invisible
   348 | D:1      | Reached XP level 2. HP: 15/22 MP: 0/0
   577 | D:1      | Found Tukkeuz's Antique Armour Boutique.
   733 | D:1      | Identified a +0 mace
   756 | D:1      | Found a faded altar of an unknown god.
   947 | D:1      | Found Yxkael's General Store.
  1346 | D:1      | HP: 5/22 [jackal (3)]
  1354 | D:1      | Identified a potion of mutation
  1354 | D:1      | Gained mutation: Your mind is acute. (Int +2) [potion of
                  | mutation]
  1355 | D:1      | Identified a potion of ambrosia
  1371 | D:1      | Reached XP level 3. HP: 24/26 MP: 0/0
  1371 | D:1      | Learned a level 1 spell: Shock
  1377 | D:1      | Reached skill level 1 in Armour
  1514 | D:1      | Reached skill level 1 in Fighting
  2002 | D:1      | Identified 3 scrolls of enchant weapon
  2003 | D:1      | Identified 2 scrolls of identify
  2003 | D:1      | Identified a scroll of fog
  2004 | D:1      | Identified a scroll of noise
  2086 | D:2      | Identified a +0 ring mail
  2110 | D:1      | Bought a scroll of identify for 20 gold pieces
  2138 | D:2      | Identified a +2 whip of venom
  2281 | D:2      | Identified a +0 dagger
  2420 | D:1      | Bought a glowing robe for 62 gold pieces
  2420 | D:1      | Identified a +2 robe of willpower (You bought it in a shop
                  | on level 1 of the Dungeon)
  2479 | D:2      | Identified a +0 dagger
  2479 | D:2      | Identified a +0 ring mail
  2522 | D:2      | Identified a +0 club
  2547 | D:2      | Identified a +0 club
  2834 | D:2      | Reached XP level 4. HP: 24/32 MP: 0/0
  3083 | D:3      | Reached skill level 3 in Dodging
  3083 | D:3      | Reached skill level 3 in Spellcasting
  3310 | D:3      | Identified a +0 dagger
  3318 | D:3      | Noticed Grinder
  3422 | D:3      | Identified a +1 whip of venom
  3422 | D:3      | Identified a +0 war axe
  3422 | D:3      | Identified a +0 hand axe
  3468 | D:3      | Identified a +0 dagger
  3490 | D:3      | Reached XP level 5. HP: 15/38 MP: 0/0
  3490 | D:3      | Learned a level 2 spell: Poisonous Vapours
  3866 | D:3      | Identified a +0 hand axe
  3866 | D:3      | Identified a +3 scale mail of fire resistance
  3866 | D:3      | Noticed Terence
  3876 | D:3      | Killed Terence
  3877 | D:3      | Reached skill level 2 in Armour
  4000 | D:3      | Identified a +0 club
  4002 | D:3      | Identified a +0 hand axe
  4002 | D:3      | Identified a +0 ring mail
  4002 | D:3      | Identified a +0 mace
  4186 | D:3      | HP: 4/38 [Grinder (7)]
  4186 | D:3      | Slain by Grinder

Table legend: (Time is in decaauts)
 A = Elapsed time spent in this place.
 B = Non-inter-level travel time spent in this place.
 C = Inter-level travel time spent in this place.
 D = Time resting spent in this place.
 E = Time spent auto-exploring this place.
 F = Levels seen in this place.
 G = Mean time per level.
                   A        B        C        D        E       F      G
               +--------+--------+--------+--------+--------+-----+--------+
         Total |   4234 |   4005 |    229 |   2001 |   1446 |   3 | 1411.3 |
       Dungeon |   4234 |   4005 |    229 |   2001 |   1446 |   3 | 1411.3 |
               +--------+--------+--------+--------+--------+-----+--------+

Top non-repeatable levels by time:
     D:1: 2142 daAuts
     D:2: 1058 daAuts
     D:3: 1033 daAuts

Table legend:
 A = Kills in this place as a percentage of kills in entire the game.
 B = Kills by you in this place as a percentage of kills by you in the entire game.
 C = Kills by friends in this place as a percentage of kills by friends in the entire game.
 D = Other kills in this place as a percentage of other kills in the entire game.
 E = Experience gained in this place as a percentage of experience gained in the entire game.
 F = Experience gained in this place divided by the number of levels of this place that you have seen.
                   A       B       C       D       E      F
               +-------+-------+-------+-------+-------+----------------------
         Total | 100.0 | 100.0 |   N/A |   N/A | 100.0 |  73.0
       Dungeon | 100.0 | 100.0 |   N/A |   N/A | 100.0 |  73.0
               +-------+-------+-------+-------+-------+----------------------

Skill      XL: |  1  2  3  4  5 |
---------------+----------------+-----
Armour         | 1 2 |  2.0
Fighting       | 1 |  1.9
Dodging        | 3 |  3.3
Spellcasting   | 3 |  3.3
Stealth        | |  1.5

Action                   |  1- 3 |  4- 6 || total
-------------------------+-------+-------++-------
Melee: Dagger            |    17 |       ||    17
       Mace              |    81 |    38 ||   119
       Whip              |       |     6 ||     6
 Cast: Magic Dart        |    45 |     8 ||    53
       Call Imp          |       |     4 ||     4
       Poisonous Vapours |       |     4 ||     4
       Mephitic Cloud    |       |     2 ||     2
  Use: Potion            |     2 |       ||     2
       Scroll            |     3 |       ||     3
 Stab: Sleeping          |     2 |     1 ||     3
Armor: Robe              |    36 |    16 ||    52
Dodge: Dodged            |    92 |    53 ||   145

Vanquished Creatures
  A bullfrog zombie (D:3)
  A bullfrog skeleton (D:3)
  Terence (D:3)
  An adder (D:2)
  A dart slug (D:2)
  3 orcs (D:3)
  7 endoplasms
  3 giant cockroaches (D:1)
  4 goblins
  9 jackals
  A kobold (D:2)
  A quokka (D:1)
  5 ball pythons
  6 bats
  3 frilled lizards
  6 rats
53 creatures vanquished.
